 Dungeon Crawl Stone Soup version 0.31-a0-845-g9abc20d24f (webtiles) character file.

Game seed: 6480875052624429896

168 JackS81 the Caller (level 5, 0/39 HPs)
             Began as a Hill Orc Summoner on Oct 3, 2023.
             Slain by an orc wizard
             ... wielding a +0 dagger
              (3 damage)
             ... on level 3 of the Dungeon.
             The game lasted 00:09:35 (1941 turns).

JackS81 the Caller (Hill Orc Summoner)              Turns: 1941, Time: 00:09:35

Health: 0/39       AC:  2    Str: 17    XL:     5   Next: 49%
Magic:  1/8        EV: 12    Int: 17    God:
Gold:   105        SH:  0    Dex: 11    Spells: 2/8 levels left

rFire   . . .        f - +0 spear
rCold   . . .        (no shield)
rNeg    . . .        a - +0 robe
rPois   .            (no helmet)
rElec   .            (no cloak)
rCorr   +            (no gloves)
SInv    .            (no boots)
Will    .....        (no amulet)
Stlth   ++           i - ring of resist corrosion
HPRegen 0.26/turn    o - +6 ring of strength
MPRegen 0.11/turn

%: no passive effects
@: attractive
A: no striking features
a: no special abilities


You were on level 3 of the Dungeon.
You visited 1 branch of the dungeon, and saw 3 of its levels.

You collected 105 gold pieces.

Inventory:

Hand Weapons
 f - a +0 spear (weapon)
Missiles
 d - 40 stones
 k - 3 poisoned darts
 s - 8 javelins
Armour
 a - a +0 robe (worn)
 u - +0 gold dragon scales
Jewellery
 i - a ring of resist corrosion (left hand)
 o - a +6 ring of strength (right hand)
 t - a ring of poison resistance
Wands
 l - a wand of polymorph (2)
Scrolls
 c - 2 scrolls of teleportation {unknown}
 e - a scroll of identify {unknown}
 j - a scroll of fog {unknown}
 m - a scroll of amnesia {unknown}
 p - a scroll of revelation {unknown}
 v - 2 scrolls of noise {unknown}
Potions
 b - 2 potions of magic
 h - 2 potions of heal wounds {unknown}
 n - a potion of experience {unknown}
 q - a potion of ambrosia {unknown}
 r - a potion of enlightenment {unknown}


   Skills:
 + Level 0.5 Fighting
 * Level 2.8 Polearms
 - Level 1.5 Dodging
 - Level 1.5 Stealth
 + Level 2.4 Spellcasting
 * Level 5.2 Summonings


You had 2 spell levels left.
You knew the following spells:

 Your Spells              Type           Power      Damage    Failure   Level
a - Summon Small Mammal   Summ           76%        N/A       2%          1
b - Call Imp              Summ           38%        N/A       3%          2
c - Call Canine Familiar  Summ           19%        N/A       6%          3

Your spell library contained the following spells:

 Spells                   Type           Power      Damage    Failure   Level
 Summon Guardian Golem    Hex/Summ       10%        N/A       19%         3
 Summon Lightning Spire   Summ/Air       10%        N/A       54%         4


Dungeon Overview and Level Annotations

Branches:
Dungeon (3/15)

Altars:


Message History

You hit something but do no damage. Something hits you but does no damage.
You closely miss something. Something hits you but does no damage.
You hit something but do no damage.
Your cerulean imp disappears in a puff of smoke!
You hear some strange, mumbled words.
A magic dart appears from out of thin air!
The magic dart hits you.
You miss something.
You hear some strange, mumbled words.
A magic dart appears from out of thin air!
The magic dart hits you.
You barely miss something. Something hits you but does no damage.
You hit something. You closely miss something. Something hits you.
You closely miss something. Something hits you.
You barely miss something.
You hear some strange, mumbled words.
A magic dart appears from out of thin air!
The magic dart hits you.
You hit something.
Your quokka disappears in a puff of smoke!
Something barely misses you.
You hit something. Something barely misses you.
Casting: Summon Small Mammal (safe; 2% risk of failure)
Confirm with . or Enter, or press ? or * to list all spells.
A tiny devil pulls itself out of the air.
Something hits you.
Casting: Call Imp (safe; 3% risk of failure)
Confirm with . or Enter, or press ? or * to list all spells.
Something hits you.
You closely miss something. Something hits you.
You barely miss something.
You hear some strange, mumbled words.
A puff of flame appears from out of thin air!
The puff of flame hits you!
* * * LOW HITPOINT WARNING * * *
It was a potion of attraction.
You feel attractive to monsters. Something hits you.
You die...

..........#
.#.........
..........#
..........###
............###
..........#...###.
.....)r5..........
.....){@..##......
.#
...............#
#.#
.#.##.####.#..##
##.## #$..##..#..#
....#
...#........#
....#
#.###...####.#
....# #.##...## .#
....# # #..#†.# .#
.<..#
##.##...#...### >#


You could see a friendly cerulean imp (summoned) and a friendly quokka
(summoned).

Vanquished Creatures
  A worm (D:2)
  An orc (D:3)
  2 ball pythons
  8 bats
  An endoplasm (D:2)
  A giant cockroach (D:2)
  3 goblins
  2 hobgoblins
  2 jackals (D:1)
  4 quokkas
  3 frilled lizards
  3 kobolds (D:1)
  4 rats
35 creatures vanquished.

Vanquished Creatures (collateral kills)
  An orc priest (D:3)
  A sleepcap (D:3)
  An orc wizard (D:3)
  A gnoll (D:1)
  A worm (D:3)
  3 dart slugs
  2 endoplasms
  2 giant cockroaches (D:1)
  2 hobgoblins
  3 kobolds (D:1)
  A quokka (D:3)
  4 ball pythons
  4 bats
  3 frilled lizards
  A rat (D:2)
30 creatures vanquished.

Grand Total: 65 creatures vanquished

Notes
Turn   | Place    | Note
-------+----------+-------------------------------------------
     0 | D:1      | JackS81 the Hill Orc Summoner began the quest for the Orb.
     0 | D:1      | Reached XP level 1. HP: 14/14 MP: 3/3
   134 | D:1      | Reached XP level 2. HP: 14/20 MP: 1/4
   175 | D:1      | Learned a level 2 spell: Call Imp
   266 | D:1      | Reached XP level 3. HP: 17/26 MP: 5/5
   314 | D:1      | Reached skill level 1 in Polearms
   917 | D:2      | Learned a level 3 spell: Call Canine Familiar
  1022 | D:2      | Reached XP level 4. HP: 19/33 MP: 5/7
  1822 | D:3      | Reached skill level 5 in Summonings
  1914 | D:3      | Reached XP level 5. HP: 39/39 MP: 1/8
  1941 | D:3      | Slain by an orc wizard

Illustrated notes

Levels and vault maps discovered:
D:1:      co_arrival_random_square_maze, layout_rooms, st_stairs_1,
          hangedman_decor_slide_cut, minmay_misc_feat_chi, minmay_pentomino_v4
D:2:      layout_basic
D:3:      layout_rooms, old_standard_altar, ebering_ecumenical_altar_abandoned,
          serial_shops, nicolae_shop_gaudy_bauble, kennysheep_generic_room_10

Skill      XL: |  1  2  3  4 |
---------------+-------------+-----
Polearms       | 1 2 |  2.8
Spellcasting   | 2 |  2.4
Summonings     | 5 |  5.2
Fighting       | |  0.5
Dodging        | |  1.5
Stealth        | |  1.5

Action                     |  1- 3 |  4- 6 || total
---------------------------+-------+-------++-------
  Melee: Spear             |   100 |    63 ||   163
   Cast: Summon Small Mamm |    11 |    11 ||    22
         Call Imp          |    10 |    13 ||    23
         Call Canine Famil |     1 |     3 ||     4
    Use: Potion            |       |     1 ||     1
   Stab: Distracted        |       |     1 ||     1
 Armour: Robe              |    66 |    30 ||    96
  Dodge: Dodged            |    80 |    23 ||   103

Table legend: (Time is in decaauts)
 A = Elapsed time spent in this place.
 B = Non-inter-level travel time spent in this place.
 C = Inter-level travel time spent in this place.
 D = Time resting spent in this place.
 E = Time spent auto-exploring this place.
 F = Levels seen in this place.
 G = Mean time per level.
                   A        B        C        D        E       F      G
               +--------+--------+--------+--------+--------+-----+--------+
         Total |   1941 |   1894 |     47 |      0 |   1366 |   3 |  647.0 |
       Dungeon |   1941 |   1894 |     47 |      0 |   1366 |   3 |  647.0 |
               +--------+--------+--------+--------+--------+-----+--------+

Top non-repeatable levels by time:
     D:1: 915 daAuts
     D:2: 742 daAuts
     D:3: 284 daAuts
